 Dungeon Crawl Stone Soup version 0.21.1-1-g345015f (webtiles) character file.

26 tidbits the Grave Robber (level 3, -7/25 HPs)
             Began as a Gnoll Necromancer on June 13, 2018.
             Killed by nerve-wracking pain
             ... invoked by Sapher's ghost
              (14 damage)
             ... on level 3 of the Dungeon.
             The game lasted 00:02:39 (249 turns).

tidbits the Grave Robber (Gnoll Necromancer)         Turns: 249, Time: 00:02:40

Health: -7/25      AC:  2    Str: 10    XL:     3   Next: 8%
Magic:  2/9        EV: 15    Int: 18    God:
Gold:   0          SH:  0    Dex: 15    Spells: 4/12 levels left

rFire    . . .     SeeInvis .   e - +0 short sword
rCold    . . .     Gourm    .   (no shield)
rNeg     . . .     Faith    .   a - +0 robe
rPois    .         Spirit   .   (no helmet)
rElec    .         Reflect  .   (no cloak)
rCorr    .         Harm     .   (no gloves)
MR       .....                  (no boots)
Stlth    +++.......             (no amulet)
HPRegen  0.08/turn              i - +1 ring of evasion
MPRegen  0.11/turn              (no ring)

@: no status effects
A: distributed training, fangs 1, strong nose
a: no special abilities


You were on level 3 of the Dungeon.
You were not hungry.

You visited 1 branch of the dungeon, and saw 4 of its levels.

Inventory:

Hand Weapons
 e - a +0 short sword (weapon)
Missiles
 d - 25 stones (quivered)
 h - 19 bolts
Armour
 a - a +0 robe (worn)
Jewellery
 i - a +1 ring of evasion (left hand)
   (You found it on level 2 of the Dungeon)
Wands
 m - a wand of paralysis (14)
Scrolls
 g - 2 scrolls of teleportation {unknown}
 l - a scroll of blinking {unknown}
Potions
 f - 3 potions of flight {unknown}
 j - a potion of haste {unknown}
 k - a potion of curing {unknown}
Books
 b - a book of Necromancy

   Spells                             Type                      Level
   a - Pain                           Necromancy                   1
   b - Animate Skeleton               Necromancy                   1
   c - Vampiric Draining              Necromancy                   3
   d - Regeneration                   Charms/Necromancy            3
   e - Animate Dead                   Necromancy                   4
   f - Borgnjor's Vile Clutch         Necromancy/Earth             5
Comestibles
 c - 3 rations


   Skills:
 + Level 0.6 Fighting
 + Level 0.6 Short Blades
 + Level 0.6 Long Blades
 + Level 0.6 Axes
 + Level 0.6 Maces & Flails
 + Level 0.6 Polearms
 + Level 0.6 Staves
 + Level 0.6 Slings
 + Level 0.6 Bows
 + Level 0.6 Crossbows
 + Level 0.6 Throwing
 + Level 0.6 Armour
 + Level 4.5 Dodging
 + Level 4.1 Stealth
 + Level 0.6 Shields
 + Level 0.6 Unarmed Combat
 + Level 5.0 Spellcasting
 + Level 0.4 Conjurations
 + Level 0.4 Hexes
 + Level 0.4 Charms
 + Level 0.4 Summonings
 + Level 7.1 Necromancy
 + Level 0.4 Translocations
 + Level 0.4 Transmutations
 + Level 0.4 Fire Magic
 + Level 0.4 Ice Magic
 + Level 0.4 Air Magic
 + Level 0.4 Earth Magic
 + Level 0.4 Poison Magic
 + Level 0.8 Invocations
 + Level 0.6 Evocations


You had 4 spell levels left.
You knew the following spells:

 Your Spells              Type           Power        Failure   Level  Hunger
a - Pain                  Necr           ####         1%          1    None
d - Vampiric Draining     Necr           ####......   2%          3    ##.....
n - Animate Skeleton      Necr           N/A          1%          1    None
r - Regeneration          Chrm/Necr      ###.......   9%          3    ##.....


Dungeon Overview and Level Annotations

Branches:
Dungeon (4/15)
 Temple: D:4-7

Altars:

Annotations:
D:3 Natasha; Sapher's ghost, weakling GnNe; Sigmund


Innate Abilities, Weirdness & Mutations

Your experience applies equally to all skills.
You have very sharp teeth.
Your uncanny sense of smell can sniff out nearby items.


Message History

The rat misses you. The rat completely misses you.
There is a stone staircase leading down here.
The rat bites you.
* * * LOW HITPOINT WARNING * * *
You climb downwards.
There is a stone staircase leading up here.
Unknown command.
Casting: Pain
Confirm with . or Enter, or press ? or * to list all spells.
Aiming: Pain
Press: ? - help, Shift-Dir - straight line, f - rat
Aim: a rat (chance to defeat MR: 93%)
The rat writhes in agony!
You kill the rat!
Found a stone staircase leading up.
Found a crooked fluorescent wand.
There is a stone staircase leading up here.
You climb upwards.
Level annotation: Natasha; Sapher's ghost, weakling GnNe The orc shouts!
You hear a shout! x2
A rat comes into view.
There is a stone staircase leading down here.
An orc and an orc wizard come into view.
The orc wizard is wielding a dagger of speed.
The orc wizard moves out of view.
Found a brown potion.
There is a stone staircase leading down here.
You climb downwards.
There is a stone staircase leading up here.
Unknown command.
You see here a wand of paralysis (14).
m - a wand of paralysis (14)
Found a stone staircase leading up.
An adder comes into view.
Found a ration.
Casting: Pain
Confirm with . or Enter, or press ? or * to list all spells.
Aiming: Pain
Press: ? - help, Shift-Dir - straight line, f - adder
Aim: an adder (resting, chance to defeat MR: 89%)
The adder hisses angrily.
The adder barely resists.
Casting: Pain
Confirm with . or Enter, or press ? or * to list all spells.
Aiming: Pain
Press: ? - help, Shift-Dir - straight line, f/p - adder
Aim: an adder (chance to defeat MR: 89%)
The adder writhes in agony!
Casting: Pain
Confirm with . or Enter, or press ? or * to list all spells.
Aiming: Pain
Press: ? - help, Shift-Dir - straight line, f/p - adder
Aim: an adder (moderately wounded, chance to defeat MR: 89%)
The adder writhes in agony!
Casting: Pain
Confirm with . or Enter, or press ? or * to list all spells.
Aiming: Pain
Press: ? - help, Shift-Dir - straight line, f/p - adder
Aim: an adder (severely wounded, chance to defeat MR: 89%)
The adder writhes in agony!
You kill the adder!
You have reached level 3!
Your experience leads to an increase in your attributes!
Increase (S)trength, (I)ntelligence, or (D)exterity?
You feel clever.
Memorise Vampiric Draining, consuming 3 spell levels and leaving 6?
You start memorising the spell.
You continue memorising. x3
You finish memorising.
Spell assigned to 'd'.
Memorise Regeneration, consuming 3 spell levels and leaving 3?
You start memorising the spell.
You continue memorising. x3
You finish memorising.
Spell assigned to 'r'.
Unknown command.
Casting: Pain
Confirm with . or Enter, or press ? or * to list all spells.
Aiming: Pain
Press: ? - help, Shift-Dir - straight line, f - leopard gecko
Aim: a leopard gecko (clinging, hasn't noticed you, chance to defeat MR: 93%)
The leopard gecko hisses angrily.
The leopard gecko barely resists.
Casting: Pain
Confirm with . or Enter, or press ? or * to list all spells.
Aiming: Pain
Press: ? - help, Shift-Dir - straight line, f/p - leopard gecko
Aim: a leopard gecko (clinging, chance to defeat MR: 93%)
The leopard gecko writhes in agony!
You kill the leopard gecko!
Your Spellcasting skill increases to level 5!
Found a stone staircase leading down.
There is a stone staircase leading up here.
You climb upwards.
Level annotation: Natasha; Sapher's ghost, weakling GnNe Sigmund shouts!
A leopard gecko comes into view.
The leopard gecko hisses angrily.
You hear an angry hiss.
You hear a shout!
Sigmund completely misses you.
Sapher's ghost gestures at you while chanting.
Pain shoots through your body!
Ouch! That really hurt!
You die...

### ..#
..# ..#
..# ..#
#######
..#
.......###
..#
.......@.#
..#
...l.....#
..#
..W...@..#
...
.........#
...
......?..#
#
.##....###
####S #.


You could see Sigmund, Sapher's ghost, an adder and a leopard gecko.

Vanquished Creatures
  An adder (D:4)
  A dart slug (D:2)
  A leopard gecko (D:4)
  A bat (D:2)
  A giant cockroach (D:3)
  3 goblins
  2 hobgoblins (D:3)
  3 kobolds
  A rat (D:4)
14 creatures vanquished.

Notes
Turn   | Place    | Note
-------+----------+-------------------------------------------
     0 | D:1      | tidbits the Gnoll Necromancer began the quest for the Orb.
     0 | D:1      | Reached XP level 1. HP: 13/13 MP: 6/6
    75 | D:2      | Reached XP level 2. HP: 10/19 MP: 0/7
    78 | D:2      | Learned a level 1 spell: Animate Skeleton
    83 | D:2      | wow
   182 | D:3      | Noticed Natasha
   187 | D:3      | Noticed Sapher's ghost (weakling GnNe)
   236 | D:4      | Reached XP level 3. HP: 9/25 MP: 3/9
   241 | D:4      | Learned a level 3 spell: Vampiric Draining
   245 | D:4      | Learned a level 3 spell: Regeneration
   246 | D:4      | Reached skill level 5 in Spellcasting
   249 | D:3      | Noticed Sigmund
   249 | D:3      | Killed from afar by Sapher's ghost

Skill      XL: |  1  2  3 |
---------------+----------+-----
Spellcasting   | 5 |  5.0
Fighting       | |  0.6
Short Blades   | |  0.6
Long Blades    | |  0.6
Axes           | |  0.6
Maces & Flails | |  0.6
Polearms       | |  0.6
Staves         | |  0.6
Slings         | |  0.6
Bows           | |  0.6
Crossbows      | |  0.6
Throwing       | |  0.6
Armour         | |  0.6
Dodging        | |  4.5
Stealth        | |  4.1
Shields        | |  0.6
Unarmed Combat | |  0.6
Conjurations   | |  0.4
Hexes          | |  0.4
Charms         | |  0.4
Summonings     | |  0.4
Necromancy     | |  7.1
Translocations | |  0.4
Transmutations | |  0.4
Fire Magic     | |  0.4
Ice Magic      | |  0.4
Air Magic      | |  0.4
Earth Magic    | |  0.4
Poison Magic   | |  0.4
Invocations    | |  0.8
Evocations     | |  0.6

Action                   || total
-------------------------++-------
 Cast: Pain              ||    23
Dodge: Dodged            ||     3

Table legend:
 A = Turns spent in this place as a percentage of turns spent in the entire game.
 B = Non-inter-level travel turns spent in this place as a percentage of non-inter-level travel turns spent in the entire game.
 C = Inter-level travel turns spent in this place as a percentage of turns spent in this place.
 D = Turns resting spent in this place as a percentage of non-inter-level travel turns spent in this place.
 E = Turns spent auto-exploring this place as a percentage of non-inter-level travel turns spent in this place.
 F = Non-inter-level travel turns spent in this place divided by the number of levels of this place that you've seen.
                   A       B       C       D       E      F
               +-------+-------+-------+-------+-------+----------------------
         Total | 100.0 | 100.0 |   0.0 |   0.0 |   0.0 |  62.2
       Dungeon | 100.0 | 100.0 |   0.0 |   0.0 |   0.0 |  62.2
               +-------+-------+-------+-------+-------+----------------------

Table legend:
 A = Kills in this place as a percentage of kills in entire the game.
 B = Kills by you in this place as a percentage of kills by you in the entire game.
 C = Kills by friends in this place as a percentage of kills by friends in the entire game.
 D = Other kills in this place as a percentage of other kills in the entire game.
 E = Experience gained in this place as a percentage of experience gained in the entire game.
 F = Experience gained in this place divided by the number of levels of this place that you have seen.
                   A       B       C       D       E      F
               +-------+-------+-------+-------+-------+----------------------
         Total | 100.0 | 100.0 |   N/A |   N/A | 100.0 |   9.5
       Dungeon | 100.0 | 100.0 |   N/A |   N/A | 100.0 |   9.5
               +-------+-------+-------+-------+-------+----------------------

Vault maps used:
D:1:      evilmike_arrival_run_for_it
D:2:      dk_noncrumbling_4, minmay_split_cup_small
D:3:      first_ration, uniq_sigmund, uniq_terence, uniq_natasha
